 Dungeon Crawl Stone Soup version 0.21.1-1-g345015fe64 (webtiles) character file.

77 DildoBatman the Sneak (level 4, 0/35 HPs)
             Began as a Formicid Enchanter on Feb 22, 2018.
             Succumbed to an adder's poison
             ... on level 3 of the Dungeon.
             The game lasted 00:06:49 (2659 turns).

DildoBatman the Sneak (Formicid Enchanter)          Turns: 2659, Time: 00:06:50

Health: 0/35       AC:  5    Str: 14    XL:     4   Next: 60%
Magic:  7/7        EV: 11    Int: 14    God:
Gold:   74         SH:  0    Dex: 11    Spells: 3/7 levels left

rFire    . . .     SeeInvis +   a - +0 rapier
rCold    . . .     Gourm    .   (no shield)
rNeg     . . .     Faith    .   q - +0 ring mail
rPois    .         Spirit   .   (helmet unavailable)
rElec    .         Reflect  .   (no cloak)
rCorr    .         Harm     .   (no gloves)
MR       .....                  (no boots)
Stlth    ++........             (no amulet)
HPRegen  0.11/turn              (no ring)
MPRegen  0.10/turn              (no ring)

@: lethally poisoned (0 -> -7)
A: permanent stasis, dig shafts and tunnels, four strong arms, antennae 3
a: Dig, Shaft Self


You were on level 3 of the Dungeon.
You were very hungry.

You visited 1 branch of the dungeon, and saw 3 of its levels.

You collected 74 gold pieces.

Inventory:

Hand Weapons
 a - a +0 rapier (weapon)
 b - a +1 dagger
Armour
 q - a +0 ring mail (worn)
Jewellery
 p - a cursed amulet of harm {unknown}
Scrolls
 d - a scroll of enchant weapon {unknown}
 e - a scroll of teleportation {unknown}
 g - 2 scrolls of enchant armour {unknown}
 i - 3 scrolls of identify {unknown}
 n - 3 scrolls of remove curse {unknown}
Potions
 f - a potion of invisibility {unknown}
 h - 2 potions of lignification {unknown}
 j - a potion of curing {unknown}
 l - a potion of magic
 m - a potion of heal wounds {unknown}
 o - a potion of might {unknown}
 r - a potion of berserk rage {unknown}
Books
 c - a book of Maledictions

   Spells                             Type                      Level
   a - Corona                         Hexes                        1
   b - Ensorcelled Hibernation        Hexes/Ice                    2
   c - Confuse                        Hexes                        3
   d - Tukima's Dance                 Hexes                        3
   e - Dazzling Spray                 Conjuration/Hexes            3
Comestibles
 v - 5 rations


   Skills:
 - Level 3.0 Fighting
 - Level 1.0 Short Blades
 * Level 2.1 Armour
 - Level 2.0 Dodging
 - Level 4.0 Stealth
 - Level 2.1 Spellcasting
 - Level 3.6 Hexes


You had 3 spell levels left.
You knew the following spells:

 Your Spells              Type           Power        Failure   Level  Hunger
a - Corona                Hex            ##.....      11%         1    #......
b - Confuse               Hex            ##......     30%         3    ###....


Dungeon Overview and Level Annotations

Branches:
Dungeon (3/15)

Altars:

Annotations:
D:2 Sigmund, Terence


Innate Abilities, Weirdness & Mutations

You cannot be hasted, slowed, berserked, paralysed or teleported.
You can dig through walls and to a lower floor.
Your four strong arms can wield two-handed weapons with a shield.
You have a pair of large antennae on your head. (SInv)


Message History

The adder bites you.
You closely miss the adder.
The adder is severely wounded.
You are feeling very hungry.
You feel sick. The adder bites you. x2
Casting: Corona
Confirm with . or Enter, or press ? or * to list all spells.
Aiming: Corona
Press: ? - help, Shift-Dir - straight line, f/p - adder
Aim: an adder (heavily wounded, chance to defeat MR: 55%)
The adder is outlined in light.
The adder closely misses you.
You puncture the adder!
You kill the adder!
Your Armour skill increases to level 2!
You feel sick.
It was a potion of magic.
Magic courses through your body.
You die...

#.# #########...#...
..###......#.........
.....................
### #......##..#.....
###............####
##.........#....#
##.............#..#
.............#..#...
.@....#..@...##...>.
........###### ..
........# #####...$
##... ##.. .... .#


There were no monsters in sight!

Vanquished Creatures
  2 adders
  An ooze (D:1)
  A worm (D:3)
  A dart slug (D:2)
  2 ball pythons (D:1)
  3 giant cockroaches (D:1)
  8 goblins
  4 hobgoblins
  8 bats
  4 frilled lizards
  10 kobolds
  7 rats
51 creatures vanquished.

Notes
Turn   | Place    | Note
-------+----------+-------------------------------------------
     0 | D:1      | DildoBatman the Formicid Enchanter began the quest for the Orb.
     0 | D:1      | Reached XP level 1. HP: 13/13 MP: 3/3
    32 | D:1      | Reached skill level 1 in Fighting
   137 | D:1      | Reached XP level 2. HP: 21/21 MP: 3/5
   691 | D:1      | Reached XP level 3. HP: 26/28 MP: 4/6
   696 | D:1      | Learned a level 3 spell: Confuse
  1502 | D:2      | Found a faded altar of an unknown god.
  1505 | D:2      | Noticed Terence
  1855 | D:2      | Noticed Sigmund
  2140 | D:2      | Reached XP level 4. HP: 35/35 MP: 5/7
  2238 | D:2      | Reached skill level 1 in Armour
  2316 | D:2      | Reached skill level 4 in Stealth
  2656 | D:3      | HP: 1/35 [adder (4)]
  2659 | D:3      | Succumbed to an adder's poison

Skill      XL: |  1  2  3  4 |
---------------+-------------+-----
Fighting       | 1 2 3 |  3.0
Dodging        | 2 |  2.0
Armour         | 2 |  2.1
Stealth        | 4 |  4.0
Short Blades   | |  1.0
Spellcasting   | |  2.1
Hexes          | |  3.6

Action                   |  1- 3 |  4- 6 || total
-------------------------+-------+-------++-------
Melee: Dagger            |   114 |       ||   114
       Rapier            |    28 |    42 ||    70
 Cast: Corona            |    39 |    10 ||    49
 Abil: Dig               |     1 |     1 ||     2
  Use: Potion            |       |     1 ||     1
 Stab: Sleeping          |     2 |     1 ||     3
  Eat: Chunk             |     5 |     1 ||     6
Armor: Robe              |    35 |       ||    35
       Ring mail         |       |    16 ||    16
Dodge: Dodged            |   113 |    35 ||   148
